Map: [ESL] Site Delta

Players

HeroMarine - Winner!

  • Race: Terran Terran
  • Spawn Location: 5:00

MaNa

  • Race: Protoss Protoss
  • Spawn Location: 11:00

Event: ESL SC2 Masters 2023 Winter (Regional)

VOD

Have the link to the VOD?

Description

Time

  • Played on: Nov. 11, 2023, 11:59 a.m.
  • Length: 12:02

All games in this series

Show
View Real Time Build Order
Export as new Build Order

HeroMarine Terran - Winner!

Build Orders: Cyclone Opening 

Get SALT Encoding   

  12  0:00  SCV  
  13  0:12  SCV  
  14  0:16  Supply Depot  
  14  0:24  SCV  
  15  0:38  SCV  
  15  0:39  Barracks  
  15  0:42  Refinery  
  16  0:50  SCV  
  16  0:52  Refinery  
  17  1:02  SCV  
  18  1:14  SCV  
  19  1:26  Orbital Command, Reaper  
  19  1:29  Supply Depot  
  20  1:39  Factory  
  20  1:52  SCV  
  21  1:59  Reaper  
  22  2:04  SCV  
  23  2:15  Command Center  
  23  2:17  SCV  
  23  2:22  Hellion  
  26  2:29  SCV  
  27  2:32  Reaper  
  28  2:38  Supply Depot  
  28  2:41  SCV  
  28  2:43  Cyclone  
  31  2:53  Starport  
  31  2:59  SCV  
  32  3:06  Barracks Reactor  
  32  3:11  SCV  
  33  3:18  Widow Mine  
  35  3:23  SCV  
  36  3:29  Orbital Command  
  36  3:32  Medivac  
  38  3:35  SCV  
  38  3:39  Widow Mine  
  41  3:44  Barracks, Marine  
  41  3:45  Marine  
  41  3:48  SCV  
  44  3:54  SCV  
  45  3:57  Supply Depot  
  45  4:00  SCV  
  45  4:01  Factory Tech Lab  
  45  4:02  Marine x2  
  46  4:03  Starport Tech Lab  
  46  4:07  SCV  
  49  4:12  SCV  
  50  4:19  SCV  
  50  4:20  Marine x2, Supply Depot  
  54  4:24  SCV  
  54  4:26  Barracks  
  54  4:27  Siege Tank  
  54  4:30  Engineering Bay  
  57  4:31  SCV  
  57  4:36  SCV  
  57  4:38  Marine  
  59  4:41  Refinery  
  59  4:43  SCV  
  59  4:44  Supply Depot  
  61  4:46  Stimpack  
  61  4:47  Marauder  
  61  4:49  SCV  
  64  4:54  Marine  
  64  4:56  Marine, SCV  
  64  4:58  Terran Infantry Weapons Level 1  
  65  5:01  Starport Reactor  
  65  5:03  SCV  
  65  5:07  Missile Turret  
  66  5:08  SCV  
  66  5:10  Factory Reactor, Marine  
  66  5:12  Marine  
  66  5:14  Marine  
  70  5:15  Supply Depot  
  70  5:18  SCV  
  70  5:19  Refinery  
  70  5:20  SCV  
  72  5:21  Combat Shield  
  72  5:22  Marine  
  72  5:27  Marine  
  74  5:29  Missile Turret  
  74  5:30  SCV, Marine  
  74  5:32  SCV  
  74  5:35  Supply Depot  
  77  5:37  Marine  
  77  5:40  Medivac, Marine  
  81  5:43  Medivac  
  81  5:45  SCV, Marine  
  81  5:47  SCV  
  86  5:50  Marine  
  86  5:56  Supply Depot, Marine  
  87  5:59  Supply Depot  
  87  6:01  Marauder, Supply Depot  
  87  6:04  Marauder  
  91  6:06  Missile Turret  
  91  6:09  Widow Mine  
  93  6:15  Marine  
  93  6:17  Marine  
  93  6:18  Widow Mine, Medivac  
  99  6:22  SCV  
  99  6:23  SCV  
  99  6:24  Marauder  
  99  6:25  Marauder  
  105  6:32  Widow Mine  
  107  6:35  Marine x2  
  109  6:43  Command Center  
  109  6:46  Marauder x2  
  113  6:53  Marine x2  
  114  7:00  SCV x2  
  114  7:04  Medivac x2  
  114  7:06  Terran Infantry Armor Level 1  
  118  7:09  Barracks x2, Marauder  
  118  7:12  SCV x2  
  118  7:15  Marauder  
  124  7:16  Marine x2  
  125  7:26  Widow Mine  
  125  7:27  Supply Depot  
  125  7:28  Widow Mine, SCV x2  
  130  7:30  Marauder  
  130  7:34  Marine  
  133  7:37  Supply Depot  
  133  7:39  Marauder  
  132  7:47  Widow Mine  
  132  7:48  Concussive Shells  
  132  7:49  Widow Mine  
  132  7:51  Marauder, Marine x2  
  137  7:56  Orbital Command  
  140  7:59  Barracks Reactor, Barracks Tech Lab  
  140  8:00  Marauder  
  140  8:01  SCV  
  140  8:12  SCV  
  139  8:13  SCV, Marauder  
  139  8:16  Viking  
  139  8:18  Viking  
  139  8:21  Marauder  
  139  8:28  SCV x2  
  139  8:29  Marauder  
  143  8:34  Marauder  
  143  8:38  Marine  
  143  8:39  Marine  
  147  8:43  Marauder  
  147  8:46  Viking  
  151  8:48  Viking  
  151  8:51  Marauder  
  143  8:56  Marauder  
  143  9:00  Orbital Command  
  119  9:03  SCV  
  119  9:04  Marauder  
  117  9:12  Marauder  
  117  9:16  Viking  
  123  9:17  Marauder  
  123  9:18  Viking  
  123  9:23  Orbital Command, Starport  
  125  9:26  Marauder  
  125  9:30  Orbital Command  
  127  9:33  Marauder  
  127  9:38  Marauder, Ghost Academy  
  131  9:41  Marine x2  
  131  9:46  Viking  
  131  9:47  Marauder  
  131  9:48  Viking  
  137  9:55  Marauder  
  137  10:00  Marauder  
  132  10:08  Marauder  
  132  10:10  Marine  
  132  10:11  Marine  
  132  10:12  SCV x3  
  132  10:14  Marine x2  
  125  10:16  Marauder  
  129  10:21  Marauder  
  129  10:24  Medivac, SCV x2  
  129  10:25  Armory  
  129  10:27  Engineering Bay  
  129  10:28  Missile Turret, Marine x2  
  134  10:29  Ghost  
  134  10:35  Marine x2  
  140  10:37  Ghost  
  140  10:42  Ghost  
  143  10:46  Marine x2  
  145  10:53  Marine x2  
  147  10:57  Ghost  
  147  11:04  Marine x2  
  147  11:06  Marauder  
  147  11:10  Marine x2  
  145  11:11  Marauder  
  145  11:17  Medivac x2  
  145  11:18  Medivac  
  149  11:20  SCV x2  
  149  11:21  SCV  
  149  11:22  Marine x2  
  154  11:27  Ghost, Marauder  
  154  11:28  Bunker, Marine  
  154  11:32  Ghost  
  163  11:33  Marine  
  163  11:39  Marine  
  162  11:41  Marine  
  162  11:42  Command Center  
Show
View Real Time Build Order
Export as new Build Order

MaNa Protoss 

Build Orders: 1 Gate Expand, Phoenix Opening, Colossus Rush 

Get SALT Encoding   

  12  0:00  Probe  
  13  0:12  Probe  
  14  0:17  Pylon  
  14  0:26  Probe  
  15  0:39  Gateway, Probe (Chrono Boost)  
  16  0:49  Assimilator, Probe (Chrono Boost)  
  17  0:53  Probe (Chrono Boost)  
  18  1:05  Probe  
  19  1:17  Probe  
  20  1:26  Cybernetics Core  
  20  1:33  Nexus  
  20  1:36  Probe  
  21  1:42  Pylon  
  21  1:48  Probe  
  21  1:52  Assimilator  
  22  1:59  Adept (Chrono Boost)  
  22  2:00  Probe  
  25  2:13  Probe  
  26  2:19  Adept (Chrono Boost)  
  28  2:25  Probe  
  29  2:31  Stargate  
  29  2:38  Probe (Chrono Boost)  
  29  2:40  Shield Battery  
  30  2:45  Probe (Chrono Boost), Stalker  
  30  2:51  Warp Gate  
  34  2:55  Probe x2 (Chrono Boost)  
  35  3:00  Probe (Chrono Boost)  
  35  3:01  Probe  
  37  3:12  Probe  
  38  3:13  Phoenix (Chrono Boost), Probe  
  41  3:24  Probe  
  41  3:25  Probe  
  43  3:29  Phoenix, Pylon  
  45  3:36  Probe  
  45  3:38  Gateway  
  46  3:47  Probe  
  46  3:48  Robotics Facility, Probe  
  48  3:52  Assimilator  
  48  3:54  Assimilator  
  48  3:58  Pylon  
  48  3:59  Probe  
  48  4:00  Probe  
  48  4:01  Phoenix (Chrono Boost)  
  52  4:09  Pylon  
  52  4:11  Probe  
  52  4:12  Probe  
  54  4:17  Phoenix  
  54  4:23  Probe  
  57  4:24  Probe  
  58  4:35  Probe  
  58  4:36  Probe  
  58  4:38  Robotics Bay  
  60  4:41  Observer  
  61  4:47  Probe  
  61  4:48  Probe  
  63  4:59  Probe  
  64  5:00  Probe  
  64  5:02  Nexus, Immortal (Chrono Boost)  
  64  5:04  Pylon  
  69  5:11  Pylon  
  69  5:22  Phoenix  
  69  5:24  Sentry x2  
  75  5:30  Probe  
  75  5:33  Gateway x2  
  76  5:35  Gateway  
  76  5:36  Colossus (Chrono Boost)  
  82  5:44  Gateway  
  82  5:46  Shield Battery  
  82  5:47  Observer  
  82  5:50  Extended Thermal Lance (Chrono Boost)  
  82  5:55  Zealot  
  82  5:56  Zealot  
  86  6:05  Twilight Council  
  86  6:08  Gateway  
  86  6:14  Probe x2  
  86  6:15  Probe  
  86  6:18  Phoenix  
  91  6:26  Probe x2  
  91  6:28  Probe  
  91  6:29  Colossus (Chrono Boost)  
  100  6:38  Probe  
  101  6:41  Pylon x2  
  101  6:44  Pylon  
  101  6:47  Probe  
  101  6:48  Probe  
  101  6:59  Probe  
  101  7:00  Zealot  
  103  7:02  Zealot x5  
  103  7:06  Probe, Charge (Chrono Boost)  
  113  7:09  Probe  
  113  7:14  Shield Battery  
  114  7:16  Colossus (Chrono Boost)  
  119  7:27  Zealot x3  
  125  7:31  Pylon  
  125  7:33  Pylon  
  125  7:35  Pylon  
  125  7:41  Phoenix  
  125  7:49  Cybernetics Core  
  125  7:50  Gateway  
  124  7:52  Pylon  
  124  7:54  Zealot x4  
  132  8:02  Probe  
  133  8:06  Phoenix  
  133  8:08  Zealot x2  
  139  8:18  Zealot x4  
  141  8:27  Forge  
  140  8:34  Warp Prism  
  142  8:41  Zealot x5  
  130  8:59  Zealot x2  
  110  9:06  Zealot  
  110  9:07  Zealot x4  
  114  9:16  Probe  
  114  9:17  Nexus  
  105  9:28  Templar Archives, Colossus (Chrono Boost)  
  111  9:42  Sentry x3  
  111  9:43  Stalker x2  
  111  9:44  Probe  
  118  9:46  Zealot  
  72  10:15  High Templar x7  
  72  10:19  Immortal (Chrono Boost)  
  72  10:20  Archon x3  
  76  10:30  Probe x4  
  80  10:39  Zealot x5  
  90  10:47  Stalker x2  
  93  10:51  Immortal (Chrono Boost)  
  97  10:58  Zealot x2  
  97  10:59  Zealot x2  
  87  11:13  Probe  
  88  11:21  Stalker x3  
  88  11:23  Stalker  
  88  11:24  Zealot x2  
  96  11:26  Probe  
  96  11:27  Disruptor (Chrono Boost)  
  101  11:37  Nexus  
  101  11:42  Pylon  
  101  11:46  Assimilator  
  101  11:48  Sentry  
  101  11:50  Assimilator  
Tags
 
Add a new tag
Caveats
  • Supply blocks, unpowered buildings, or Contaminate may cause inaccurate times.
  • Supply counts are checked every 10 seconds.